 Dungeon Crawl Stone Soup version 0.26-a0-800-g517d6fe721 (webtiles) character file.

Game seed: 7647553989695449604

60 Gargoyl the Skirmisher (level 4, -1/41 HPs)
             Began as a Gnoll Abyssal Knight on Nov 11, 2020.
             Was a Follower of Lugonu.
             Slain by Terence
             ... wielding a +0 flail of venom
              (3 damage)
             ... on level 2 of the Dungeon.
             The game lasted 00:02:00 (1218 turns).

Gargoyl the Skirmisher (Gnoll Abyssal Knight)       Turns: 1218, Time: 00:02:01

Health: -1/41      AC:  8    Str: 16    XL:     4   Next: 6%
Magic:  7/7        EV: 12    Int: 14    God:    Lugonu [*.....]
Gold:   99         SH:  0    Dex: 14    Spells: 5/5 levels left

rFire    . . .     SeeInvis .   a - +1 hand axe
rCold    . . .     Faith    .   (no shield)
rNeg     . . .     Spirit   .   i - +0 ring mail {rPois}
rPois    +         Reflect  .   (no helmet)
rElec    .         Harm     .   k - +0 cloak
rCorr    .         Rampage  .   (no gloves)
MR       .....                  c - +0 pair of boots
Stlth    +.........             (no amulet)
HPRegen  0.13/turn              (no ring)
MPRegen  0.10/turn              (no ring)

@: lethally poisoned (-1 -> -13), hasted, very quick
A: distributed training, fangs 1, strong nose
a: Depart the Abyss, Renounce Religion


You were on level 2 of the Dungeon.
You worshipped Lugonu.
Lugonu was aware of your devotion.
You visited 1 branch of the dungeon, and saw 2 of its levels.
You visited the Abyss 1 time.

You collected 99 gold pieces.

Inventory:

Hand Weapons
 a - a +1 hand axe (weapon)
Armour
 c - a +0 pair of boots (worn)
 g - a +0 scale mail
 i - a +0 ring mail of poison resistance (worn)
 k - a +0 cloak (worn)
Potions
 l - a potion of attraction {unknown}


   Skills:
 + Level 6.5 Fighting
 + Level 1.0 Short Blades
 + Level 1.0 Long Blades
 + Level 4.6 Axes
 + Level 1.0 Maces & Flails
 + Level 1.0 Polearms
 + Level 1.0 Staves
 + Level 1.0 Slings
 + Level 1.0 Bows
 + Level 1.0 Crossbows
 + Level 1.0 Throwing
 + Level 4.6 Armour
 + Level 2.7 Dodging
 + Level 1.0 Stealth
 + Level 1.0 Shields
 + Level 1.0 Unarmed Combat
 + Level 1.0 Spellcasting
 + Level 0.7 Conjurations
 + Level 0.7 Hexes
 + Level 0.7 Summonings
 + Level 0.7 Necromancy
 + Level 0.7 Translocations
 + Level 0.7 Transmutations
 + Level 0.7 Fire Magic
 + Level 0.7 Ice Magic
 + Level 0.7 Air Magic
 + Level 0.7 Earth Magic
 + Level 0.7 Poison Magic
 + Level 4.6 Invocations
 + Level 1.0 Evocations


You had 5 spell levels left.
You didn't know any spells.
Your spell library was empty.

Dungeon Overview and Level Annotations

Branches:
Dungeon (2/15)

Altars:

Annotations:
D:2 Terence


Innate Abilities, Weirdness & Mutations

Your experience applies equally to all skills.
You have very sharp teeth.
Your uncanny sense of smell can sniff out nearby items.


Message History

Lugonu accepts your kill.
Terence hits you with a +0 flail of venom!
You are lethally poisoned!
You feel sick.
You feel sick.
A rat comes into view.
You feel sick.
Terence hits you with a +0 flail of venom!
* * * LOW HITPOINT WARNING * * *
Found a stone staircase leading up.
* * * LOW HITPOINT WARNING * * *
You feel sick.
It was a potion of magic.
Magic courses through your body.
* * * LOW HITPOINT WARNING * * *
You feel sick.
It was a potion of haste.
You feel yourself speed up.
* * * LOW HITPOINT WARNING * * *
You feel sick.
Terence hits you with a +0 flail of venom.
You die...

#########
#.......###########
#..>...............
#.......#@#.).?.$.#
#.......#@#.......#
#.........+........
#.......#.#.......#
#.......#.#.......#
#.......#r#.......#
#########.######.##
.<. ∆ #..


You could see Terence and a rat.

Vanquished Creatures
  A gnoll (D:1)
  An adder (D:2)
  2 dart slugs (D:1)
  A leopard gecko (D:1)
  4 giant cockroaches
  7 goblins (D:1)
  4 hobgoblins (D:1)
  3 kobolds
  4 bats (D:1)
  4 frilled lizards
  5 rats (D:1)
36 creatures vanquished.

Notes
Turn   | Place    | Note
-------+----------+-------------------------------------------
     0 | Abyss:1  | Gargoyl the Gnoll Abyssal Knight began the quest for the
                  | Orb.
     0 | Abyss:1  | Reached XP level 1. HP: 23/23 MP: 3/3
     1 | Abyss:1  | Found a corrupted altar of Lugonu.
    60 | Abyss:1  | Found a corrupted altar of Lugonu.
   136 | Abyss:1  | Noticed an insubstantial wisp
   166 | Abyss:1  | Noticed a large abomination
   168 | Abyss:1  | Noticed a small abomination
   188 | Abyss:1  | Noticed a spatial vortex
   188 | Abyss:1  | Noticed a spatial maelstrom
   188 | Abyss:1  | Noticed a spatial vortex
   189 | Abyss:1  | Noticed a spatial vortex
   192 | Abyss:1  | Noticed a spatial vortex
   195 | D:1      | Escaped the Abyss
   307 | D:1      | Reached * piety under Lugonu
   310 | D:1      | Reached XP level 2. HP: 27/29 MP: 5/5
   460 | D:1      | Reached XP level 3. HP: 35/35 MP: 6/6
  1167 | D:2      | Reached skill level 1 in Short Blades
  1167 | D:2      | Reached skill level 1 in Long Blades
  1167 | D:2      | Reached skill level 1 in Maces & Flails
  1167 | D:2      | Reached skill level 1 in Polearms
  1167 | D:2      | Reached skill level 1 in Staves
  1167 | D:2      | Reached skill level 1 in Slings
  1167 | D:2      | Reached skill level 1 in Bows
  1167 | D:2      | Reached skill level 1 in Crossbows
  1167 | D:2      | Reached skill level 1 in Throwing
  1167 | D:2      | Reached skill level 1 in Stealth
  1167 | D:2      | Reached skill level 1 in Shields
  1167 | D:2      | Reached skill level 1 in Unarmed Combat
  1167 | D:2      | Reached skill level 1 in Spellcasting
  1167 | D:2      | Reached skill level 1 in Evocations
  1167 | D:2      | Reached XP level 4. HP: 40/41 MP: 7/7
  1204 | D:2      | Noticed Terence
  1218 | D:2      | HP: 2/41 [poisoned by Terence]
  1218 | D:2      | Slain by Terence

Illustrated notes

Levels and vault maps discovered:
D:1:      kennysheep_arrival_seaside, layout_loops_ring, st_stairs_11, hex_large
D:2:      layout_basic, gammafunk_temple_overflow_pools, uniq_terence

Skill      XL: |  1  2  3 |
---------------+----------+-----
Short Blades   | 1 |  1.0
Long Blades    | 1 |  1.0
Maces & Flails | 1 |  1.0
Polearms       | 1 |  1.0
Staves         | 1 |  1.0
Slings         | 1 |  1.0
Bows           | 1 |  1.0
Crossbows      | 1 |  1.0
Throwing       | 1 |  1.0
Stealth        | 1 |  1.0
Shields        | 1 |  1.0
Unarmed Combat | 1 |  1.0
Spellcasting   | 1 |  1.0
Evocations     | 1 |  1.0
Fighting       | |  6.5
Axes           | |  4.6
Armour         | |  4.6
Dodging        | |  2.7
Conjurations   | |  0.7
Hexes          | |  0.7
Summonings     | |  0.7
Necromancy     | |  0.7
Translocations | |  0.7
Transmutations | |  0.7
Fire Magic     | |  0.7
Ice Magic      | |  0.7
Air Magic      | |  0.7
Earth Magic    | |  0.7
Poison Magic   | |  0.7
Invocations    | |  4.6

Action                   |  1- 3 |  4- 6 || total
-------------------------+-------+-------++-------
Melee: Hand axe          |    81 |    12 ||    93
       Bite              |     5 |     4 ||     9
Invok: Depart the Abyss  |     1 |       ||     1
  Use: Scroll            |     1 |     4 ||     5
       Potion            |       |     2 ||     2
Armor: Leather armour    |     8 |       ||     8
       Scale mail        |    23 |       ||    23
       Ring mail         |     8 |     4 ||    12
Dodge: Dodged            |    59 |     6 ||    65

Table legend: (Time is in decaauts)
 A = Elapsed time spent in this place.
 B = Non-inter-level travel time spent in this place.
 C = Inter-level travel time spent in this place.
 D = Time resting spent in this place.
 E = Time spent auto-exploring this place.
 F = Levels seen in this place.
 G = Mean time per level.
                   A        B        C        D        E       F      G
               +--------+--------+--------+--------+--------+-----+--------+
         Total |   1228 |   1178 |     50 |      0 |    825 |   3 |  409.3 |
       Dungeon |   1033 |    983 |     50 |      0 |    680 |   2 |  516.5 |
         Abyss |    195 |    195 |      0 |      0 |    145 |   1 |  195.0 |
               +--------+--------+--------+--------+--------+-----+--------+

Top non-repeatable levels by time:
     D:1: 954 daAuts
 Abyss:1: 195 daAuts
     D:2: 78 daAuts
